Cogmind - Beta 16 @@@ ROGUE MODE // 2025.11.28 @ 20:32:38 Player: C0-2MO Result: Destroyed by G-34 Mercenary with Small Laser Performance ------------- Evolutions (0) 0 Regions Visited (2) 400 Robots Destroyed (18) 90 Value Destroyed (396) 396 Prototype IDs (0) 0 Alien Tech Used (0) 0 Bonus (0) 0 TOTAL SCORE: 886 Bonus ------- None Cogmind --------- Core Integrity 0/250 Matter 280/300 Energy 90/100 System Corruption 0% Temperature Warm (139) Movement Walking (190) Ox1 Location -10/Mines Parts ------- > --- POWER (1) -------- (None) > --- PROPULSION (2) --- Aluminum Leg Aluminum Leg > --- UTILITY (2) ------ Large Storage Unit > --- WEAPON (2) ------- Medium Laser Medium Laser > --- INVENTORY (15) --- Light Ion Engine Light Nuclear Core Aluminum Leg Aluminum Leg Aluminum Leg Hacking Suite Grenade Launcher Datajack Mining Laser Peak State ------------ > --- POWER ------------ Ion Engine > --- PROPULSION ------- Aluminum Leg Aluminum Leg > --- UTILITY ---------- Large Storage Unit Seismic Detector > --- WEAPON ----------- Medium Laser Beam Cannon > --- INVENTORY -------- Light Ion Engine Aluminum Leg Aluminum Leg Hacking Suite Medium Laser Grenade Launcher Datajack Mining Laser [Rating: 8] Favorites ----------- Power Ion Engine Engine Ion Engine Propulsion Aluminum Leg Leg Aluminum Leg Utility Seismic Detector Device Seismic Detector Storage Large Storage Unit Processor Targeting Computer Weapon Medium Laser Energy Gun Medium Laser Energy Cannon Beam Cannon Special Weapon Mining Laser Build | -11 -10 -10 ------- Run | Yrd Mat Min Slots Evolved . | . . . Power . | . . . Propulsion . | . . . Utility . | . . . Weapon . | . . . Parts Attached 17 | 5 10 2 Power 1 | . 1 . Engine 1 | . 1 . Core . | . . . Reactor . | . . . Propulsion 6 | 2 4 . Treads . | . . . Leg 6 | 2 4 . Wheel . | . . . Hover . | . . . Flight . | . . . Utility 4 | 1 2 1 Device 1 | 1 . . Storage 1 | . 1 . Processor 2 | . 1 1 Hackware . | . . . Protection . | . . . Artifact . | . . . Weapon 6 | 2 3 1 Energy Gun 4 | 2 1 1 Energy Cannon 1 | . 1 . Ballistic Gun . | . . . Ballistic Cannon . | . . . Launcher . | . . . Special Weapon 1 | . 1 . Impact Weapon . | . . . Slashing Weapon . | . . . Piercing Weapon . | . . . Special Melee Weapon . | . . . Unidentified Prototypes . | . . . Parts Lost 6 | . 4 2 Power 1 | . . 1 Propulsion 2 | . 2 . Utility 2 | . 1 1 Weapon 1 | . 1 . Highest Loss Streak 3 | . 3 2 To Critical Strikes . | . . . Average Backups 6 | 1 5 9 Power 1 | 1 1 2 Propulsion 1 | . 1 3 Utility . | . . 1 Weapon 2 | . 2 2 Tool/Special . | . . . Unused Backups 6 | . . 6 Power 2 | . . 2 Propulsion 1 | . . 1 Utility 1 | . . 1 Weapon 1 | . . 1 Tool/Special 1 | . . 1 Average Slot Usage (%) 86 | . 88 79 Engine 10 | . 10 12 Leg 28 | . 28 28 Device 10 | . 12 . Storage 8 | . 7 14 Processor 3 | . 1 8 Energy Gun 12 | . 15 2 Energy Cannon 9 | . 12 . Special Weapon 2 | . . 12 Peak Build Rating 8 | 5 8 8 Average Rating 6 | 3 6 6 On Entrance 3 | . 5 6 Avg Prop Armor Cover (%) 22 | 23 22 . Naked Turns . | . . . Heaviest Build 31 | 4 31 26 Greatest Support 20 | 3 20 20 Greatest Overweight (x) 1 | 1 1 1 Average Overweight (x) . | . . 1 Largest Inventory Capacity 15 | 5 15 15 Average Capacity 10 | 5 10 15 Most Carried 12 | 2 12 10 Average Carried 6 | 1 6 9 Final Capacity 15 | 5 15 15 Final Carried 10 | 2 10 9 Class Distribution -------------------- 100% | Mutant Dominant Class ---------------- Mutant | -10/Materials Mutant | -10/Mines Resources | -11 -10 -10 ----------- Run | Yrd Mat Min Matter Collected 337 | 250 70 17 Remotely . | . . . Salvage Created 587 | 125 462 . Parts 31 | 6 25 . Haulers Intercepted . | . . . Recyclers Shooed 1 | 1 . . Parts Field Recycled . | . . . Retrieved Matter . | . . . Parts Self-Destructed . | . . . Prevented . | . . . Parts Restored . | . . . Kills | -11 -10 -10 ------- Run | Yrd Mat Min Combat Hostiles Destroyed 11 | . 11 . Guns 3 | . 3 . Cannons 8 | . 8 . Classes Destroyed 8 | 2 6 . Worker 1 | . 1 . Builder 1 | . 1 . Tunneler 2 | 2 . . Recycler 1 | 1 . . Operator 1 | . 1 . Watcher 1 | . 1 . Swarmer 3 | . 3 . Grunt 8 | . 8 . Best Kill Streak 4 | 3 4 . Combat Bots Only 3 | . 3 . Max Kills in Single Turn 1 | 1 1 . Gunslinging . | . . . Exploded . | . . . Melee . | . . . Uniques/NPCs Destroyed . | . . . Combat | -11 -10 -10 -------- Run | Yrd Mat Min Hostile Shots Fired 112 | . 101 11 Missed 24 | . 22 2 Hits 88 | . 79 9 Projectile 88 | . 79 9 Damage Taken 968 | . 852 116 Core 255 | . 207 48 Absorbed by Shields . | . . . Core Remaining (%) 100 | 100 . . Volleys Fired 53 | 8 42 3 Largest 2 | 2 2 2 Hottest 110 | 90 110 100 Shots Fired 103 | 16 81 6 Gun 63 | 16 41 6 Cannon 39 | . 39 . Launcher . | . . . Special 1 | . 1 . Kinetic . | . . . Thermal 103 | 16 81 6 Explosive . | . . . Electromagnetic . | . . . Robot Hit Streak 7 | 3 7 6 Robot Miss Streak 5 | 2 5 . Penetration Max . | . . . Secondary Targets . | . . . Shots Hit Robots 60 | 9 45 6 Core Hits 27 | 4 21 2 Critical Kills . | . . . Critical Parts Destroyed . | . . . Critical Strikes 1 | . 1 . Burn 1 | . 1 . Melee Attacks . | . . . Impact . | . . . Slashing . | . . . Piercing . | . . . Sneak Attacks . | . . . Combat Hostiles . | . . . Follow-up Attacks . | . . . Damage Inflicted 903 | 108 720 75 Guns 493 | 108 310 75 Cannons 405 | . 405 . Explosions . | . . . Melee . | . . . Ramming 5 | . 5 . Kinetic . | . . . Thermal 898 | 108 715 75 Explosive . | . . . Electromagnetic . | . . . Impact . | . . . Slashing . | . . . Piercing . | . . . Highest Corruption . | . . . Average Corruption . | . . . Corruption Purged . | . . . Corruption Blocked . | . . . Overload Shots . | . . . Overflow Damage . | . . . Projectiles . | . . . Explosions . | . . . Melee . | . . . Knockbacks . | . . . Impact . | . . . Kinetic . | . . . Secondary . | . . . Self-Inflicted Damage . | . . . Shots . | . . . Rammed . | . . . Targets Rammed 4 | . 4 . Kicked 4 | . 4 . Crushed . | . . . Highest Temperature 339 | 55 339 133 Average Temperature 97 | 25 107 73 Received Heat Transfer 465 | . 399 66 Effects 3 | . 3 . Shutdowns 1 | . 1 . Interference 2 | . 2 . Siege Activations . | . . . Martial Activations . | . . . Shielding Activations . | . . . Robots Disrupted . | . . . Combat Hostiles . | . . . Robots Corrupted . | . . . Combat Hostiles . | . . . Parts Fried . | . . . Impact Corruptions . | . . . Robots Melted . | . . . Combat Hostiles . | . . . Parts Melted 6 | . 6 . Heat Transferred 2345 | 297 1826 222 Parts Sabotaged . | . . . Parts Stolen . | . . . Parts Stripped . | . . . Power Chain Reactions . | . . . Alert | -11 -10 -10 ------- Run | Yrd Mat Min Maximum Alert Level . | . . . Low Security (%) 100 | 100 100 100 Level 1 . | . . . Level 2 . | . . . Level 3 . | . . . Level 4 . | . . . Level 5 . | . . . High Security . | . . . Max Security . | . . . Peak Influence 129 | 5 129 22 Initial 22 | . 3 22 Average 46 | 1 60 5 Influence Increases 344 | 15 329 . Destroy 0b10 Robot/C 220 | . 220 . Destroy 0b10 Robot/NC 35 | 15 20 . Destroy Leader 52 | . 52 . Successful Hack 3 | . 3 . Disable Machine 15 | . 15 . Destroy Structure 4 | . 4 . Lose Combat Pursuer 15 | . 15 . Influence Decreases 344 | 10 276 58 Entered New Map 38 | . 2 36 Time Decay 266 | 10 234 22 Lost Part 40 | . 40 . Squads Dispatched 3 | . 3 . Investigation 2 | . 2 . Extermination . | . . . Reinforcement 1 | . 1 . Assault . | . . . Garrison . | . . . Intercept . | . . . Searches Triggered . | . . . Construction Impeded . | . . . Haulers Reinforced . | . . . Active Scanning Responses . | . . . Cargo Convoy Interrupts . | . . . Stealth | -11 -10 -10 --------- Run | Yrd Mat Min Distress Signals 2 | . 2 . Communications Jammed . | . . . Distress Signals . | . . . Times Spotted 24 | . 22 2 Peak Tracking Total 7 | . 7 2 Tactical Retreats 1 | . 1 . Traps | -11 -10 -10 ------- Run | Yrd Mat Min Traps Triggered 1 | . 1 . Indirectly . | . . . Trap Hack Attempts . | . . . Triggered . | . . . Disarmed . | . . . Reprogrammed . | . . . Reused . | . . . Traps Extracted . | . . . Installed . | . . . Triggered . | . . . Machines | -11 -10 -10 ---------- Run | Yrd Mat Min Machines Disabled 2 | . 2 . Max in Single Turn 1 | . 1 . Machines Repaired . | . . . Machines Dismantled . | . . . Machines Sabotaged . | . . . Overloaded Fab Kills . | . . . Hacking | -11 -10 -10 --------- Run | Yrd Mat Min Machines Accessed 2 | . 2 . Terminals 1 | . 1 . Fabricators . | . . . Repair Stations . | . . . Recycling Units 1 | . 1 . Scanalyzers . | . . . Garrison Access . | . . . Total Hacks 8 | . 8 . Successful 4 | . 4 . Failed 4 | . 4 . Catastrophic . | . . . Database Lockouts . | . . . Manual 5 | . 5 . Terminals 5 | . 5 . Fabricators . | . . . Repair Stations . | . . . Recycling Units 3 | . 3 . Scanalyzers . | . . . Garrison Access . | . . . Terminal Hacks . | . . . Fabricator Hacks . | . . . Repair Station Hacks . | . . . Recycling Unit Hacks 1 | . 1 . Retrieve Components 1 | . 1 . Scanalyzer . | . . . Garrison Access Hacks . | . . . Unauthorized Hacks 3 | . 3 . Terminals 3 | . 3 . Track 1 | . 1 . Botnet 1 | . 1 . Skim 1 | . 1 . Fabricators . | . . . Repair Stations . | . . . Recycling Units . | . . . Scanalyzers . | . . . Garrison Access . | . . . Data Cores Recovered . | . . . Used . | . . . Hacking Detections 2 | . 2 . Full Trace Events 1 | . 1 . Feedback Events . | . . . Feedback Blocked . | . . . Robot Schematics Acquired . | . . . Robots Built . | . . . Authchips . | . . . Time . | . . . Total Robot Build Rating . | . . . Part Schematics Acquired . | . . . Parts Built . | . . . Authchips . | . . . Time . | . . . Total Part Build Rating . | . . . Part Studies Acquired . | . . . Parts Repaired . | . . . Time . | . . . Parts Recycled . | . . . Recycled Matter . | . . . Retrieved Matter . | . . . Retrieved Components 10 | . 10 . Parts Scanalyzed . | . . . Part Schematics Acquired . | . . . Parts Damaged . | . . . Bothacking | -11 -10 -10 ------------ Run | Yrd Mat Min Used RIF Installer . | . . . Robots Hacked . | . . . Non-combat . | . . . Combat . | . . . Robot Hacks Applied . | . . . Relay Couplers Released . | . . . Fabnet Peak Effective % . | . . . Robots Rewired . | . . . Allies Hacked . | . . . Hacks Repelled . | . . . Allies | -11 -10 -10 -------- Run | Yrd Mat Min Total Allies . | . . . Largest Group . | . . . Highest-Rated Group . | . . . Highest-Rated Ally . | . . . Total Orders . | . . . Ally Attacks . | . . . Total Damage . | . . . Kills . | . . . Allies Corrupted . | . . . Allies Melted . | . . . Intel | -11 -10 -10 ------- Run | Yrd Mat Min Active Infowar (turns) 503 | 3 500 . Seismic 503 | 3 500 . Robot Analysis Total . | . . . Derelict Logs Recovered 1 | . . 1 Drone Launches . | . . . Drone Recoveries . | . . . Exploration | -11 -10 -10 ------------- Run | Yrd Mat Min Turns Passed 734 | 59 557 118 Spaces Moved 374 | 46 274 54 Core 112 | 46 66 . Treads . | . . . Legs 262 | . 208 54 Wheels . | . . . Hover . | . . . Flight . | . . . Fastest Speed 50 | 50 100 190 Average Speed 138 | 53 142 190 Slowest Speed 190 | 100 190 190 Overloaded Moves . | . . . Propulsion Burnouts . | . . . Robots Hopped . | . . . Potential Cave-ins . | . . . Cave-ins Triggered . | . . . Exploration Rate (%) 25 | 3 55 18 Regions Visited 2 Branch Regions 1 Pre-discovered Areas . | . . . Known Exits Taken . | . . . Unknown Exits Taken 2 | 1 1 . Scrap Searched 2 | . . 2 Spaces Dug 1 | . 1 . Terrain Destroyed 1 | . 1 . Melee . | . . . Projectile 1 | . 1 . AOE . | . . . Terrain Rammed . | . . . Walls Destroyed . | . . . Machines Disabled . | . . . Actions | -11 -10 -10 --------- Run | Yrd Mat Min Total 477 | 62 353 62 Wait 14 | 2 10 2 Move 372 | 45 273 54 Hop . | . . . Pick Up 13 | 2 11 . Fast Attach 8 | 5 2 1 Attach 5 | . 4 1 Detach . | . . . Swap 5 | . 4 1 Drop 3 | . 3 . Fire 53 | 8 42 3 Melee . | . . . Ram . | . . . Kick 4 | . 4 . Crush . | . . . Escape Stasis . | . . . Rewire . | . . . Trap . | . . . Miscellaneous . | . . . Route ------- -11/Scrapyard -10/Materials (discovered 2 exits: [*Min x2]) -10/Mines History --------- Turn | Location | Event 2 | -11/Scrapyard | Discovered new exit (range 16) 60 | -11/Scrapyard | Entered Materials 109 | -10/Materials | Discovered new exit (range 9) 116 | -10/Materials | Discovered new exit (range 15) 319 | -10/Materials | Build established: Mutant 567 | -10/Materials | Core integrity fell below 50% 607 | -10/Materials | Core integrity fell below 20% 617 | -10/Materials | Entered Mines 625 | -10/Mines | Lost 3 parts (1n1u1w) 708 | -10/Mines | Learned location of 1 exit from Materials 735 | -10/Mines | Destroyed by G-34 Mercenary with Small Laser Last Messages --------------- 00613_ Kicked G-34 Mercenary out of the way. LOCATION=UNKNOWN GOAL=ESCAPE Something is scanning the area. 00631_ Searching scrap... 00631_ Found Signal Interpreter. 00631_ Found Sml. Storage Unit. 00631_ Found 69 Matter. 00632_ Acquired 17 matter. 00645_ Searching scrap... 00645_ Found Lrg. Matter Pod. 00645_ Found Targeting Computer. 00645_ Found Hover Unit. 00645_ Found Lgt. Ion Engine. 00645_ Found 31 Matter. 00652_ Acquired Targeting Computer. 00708_ Acquired derelict log, extracted data. Data stored: Materials exits (x1). 00728_ Ion Engine destroyed. 00733_ Targeting Computer destroyed. Map ----- +----------------------------------------------------+ | ?????????????????????????????????????????????????? | | ?????????????????????????????????????????????????? | | ?????????????????????????????????????????????????? | | ?????????????????????????????????????????????????? | | ?????????????????????????????????????????????????? | | ?????????????????????????????????????????????????? | | ?????????????????????????????????????????????????? | | ?????????????????????????????????????????????????? | | ?????????????????????????????????????????????????? | | ?????????????????????????????????????????????????? | | ?????????????????????????????????????????????????? | | ?????????????????????????????????????????????????? | | ?????????????????????????????????????????????????? | | ?????????????????????????????????????????????????? | | ?????????????????????????????????????????????????? | | ?????????????????????????????????????????????????? | | ?????????????????????????????????????????????????? | | ?????????????????????????????????????????????????? | | ??????????????????????????????????######?????????? | | ?????????????????????????????????## #????????? | | ????????????? ???????????????????# ????????? | | ???????????? #??????????????????# ##??????? | | ???????????? ??#????????????????# ##?????? | | ???????????? ?# ???????????????## #?????? | | ??????????? # #?####???####???## ##?????? | | ??????????? ##@ ##### ####### #??????? | | ??????????????????# g #??????? | | ??????????????????### g #??????? | | ????????????????????## #### ###??????? | | ?????????????????????##### ## ##??# #????????? | | ?????????????????????????## ######???# #????????? | | ??????????????????????????## #????????# #????????? | | ???????????????????????????# #????????#=########## | | ???????????????????????????# #????????#%## | | ???????????????????????????# #????????#*## | | ???????????????????????????# #????????#!## | | ???????????????????????????# #????????# ## "" | | ???????????????????????????# #????????# ## "" | | ???????????????????????????# #????????# ## "" | | ???????????????????????????# #????????#!## "" | | ???????????????????????????# #????????#%## | | ???????????????????????????? ???#######!## """ "" | | ???????????????????????????# """ "" | | ????????????????????????????#???########## """ "" | | ?????????????????????????????????????????# """ "" | | ?????????????????????????????????????????# | | ?????????????????????????????????????????######### | | ?????????????????????????????????????????????????? | | ?????????????????????????????????????????????????? | | ?????????????????????????????????????????????????? | +----------------------------------------------------+ Best States ------------- Heat Dissipation 25 Energy Generation 10 Energy Capacity 250 Matter Stores 300 Matter Capacity 300 Sight Range 16 Terrain Scan Density 10 Evasion (%) 55 Targeting Accuracy 5 Item Schematics ----------------- None Robot Schematics ------------------ None Fabricated ------------ Nothing Repaired ---------- Nothing Studied --------- None Alien Tech Used ----------------- None Achievements -------------- None Challenges ------------ None Game ------ Seed CarbidePersonalChainsaw Manual? 0 Play Time 00:18:45 Cumulative 718.4 hours Start 2025.11.28 @ 19:17:47 End 2025.11.28 @ 20:32:38 Sessions 2 Manual Loads 0 Difficulty Rogue Special Mode None Game No. 306 Rogue 306 Adventurer 0 Explorer 0 Win Type - Total 73 Types 38/5/11/5/6/1/1/3/0/3 Lore% 97 Gallery% 90 Achievement% 81 Wizard Run 0 Options --------- Layout 1 ASCII 0 Keyboard 0 Movement Numpad Keybinds 0 Fullscreen 1 Font 24/Smallcaps Map View 50x35 Zoom Use 0% Tactical HUD 1 Map Filters NONE Filters NONE Steam 1 RUN: 28954389-3a8f-4be3-a2f0-a68617b99df2